EL
MONTGOMERY BISCUITS @ MIDLAND ROCKHOUNDS
09/28/2045
 
TOP OF THE 1ST
Montgomery Biscuits batting - Pitching for Midland RockHounds : RHP Ryan DeMille
Pitching: RHP Ryan DeMille
Batting: LHB Hyoji Toda 0-0: Ball
1-0: Ball
2-0: Ball
3-0: Base on Balls
Batting: LHB Jake Rheaume 0-0: Ball
1-0: Foul Ball, location: 2F
1-1: Ball
2-1: DOUBLE (Line Drive, 9LD, EV 105.0 MPH)
Hyoji Toda to third
Batting: SHB Brett McEwen 0-0: Ball
1-0: Called Strike
1-1: Called Strike
1-2: Ball
2-2: DOUBLE (Line Drive, 7LM, EV 109.4 MPH)
Hyoji Toda scores
Jake Rheaume scores
Batting: LHB Mario Ocana 0-0: Called Strike
0-1: Foul Ball, location: 2F
0-2: Ball
1-2: Ball
2-2: Foul Ball, location: 2F
2-2: Ground out 4-3 (Groundball, 4, EV 78.8 MPH)
Brett McEwen to third
Batting: RHB Tony Garcia 0-0: Ball
1-0: Ball
2-0: Called Strike
2-1: Ball
3-1: Called Strike
3-2: Strikes out swinging
Batting: RHB Paul Landes 0-0: Ball
1-0: Called Strike
1-1: Called Strike
1-2: Strikes out swinging
Top of the 1st over - 2 runs, 2 hits, 0 errors, 1 left on base; Montgomery 2 - Midland 0
BOTTOM OF THE 1ST
Midland RockHounds batting - Pitching for Montgomery Biscuits : RHP Dave Navarro
Pitching: RHP Dave Navarro
Batting: SHB Brace Harper 0-0: Ball
1-0: Ball
2-0: Ground out 6-3 (Groundball, 4M, EV 81.2 MPH)
Batting: RHB Miguel Trevino 0-0: Swinging Strike
0-1: Ball
1-1: Foul Ball, location: 2F
1-2: Ball
2-2: Fly out, F4 (Popup, 34, EV 58.8 MPH)
Batting: LHB Tommy King 0-0: Ball
1-0: Ball
2-0: Ball
3-0: Called Strike
3-1: Ground out 4-3 (Groundball, 4, EV 90.6 MPH)
Bottom of the 1st over - 0 runs, 0 hits, 0 errors, 0 left on base; Montgomery 2 - Midland 0
TOP OF THE 2ND
Montgomery Biscuits batting - Pitching for Midland RockHounds : RHP Ryan DeMille
Batting: RHB Kevin Benfield 0-0: Fly out, F8 (Flyball, 8LS, EV 90.6 MPH)
Batting: RHB Dan Marks 0-0: Ground out 6-3 (Groundball, 6, EV 108.1 MPH)
Batting: RHB Dusty Camelli 0-0: SINGLE (Groundball, 4S, EV 100.0 MPH)
Batting: LHB Hyoji Toda 0-0: Ball
1-0: Called Strike
1-1: Swinging Strike
1-2: Ball
2-2: Strikes out swinging
Top of the 2nd over - 0 runs, 1 hit, 0 errors, 1 left on base; Montgomery 2 - Midland 0
BOTTOM OF THE 2ND
Midland RockHounds batting - Pitching for Montgomery Biscuits : RHP Dave Navarro
Batting: LHB John Shults 0-0: Ball
1-0: Foul Ball, location: 2F
1-1: Swinging Strike
1-2: Strikes out looking
Batting: RHB Jason Swisher 0-0: DOUBLE (Line Drive, 9LM, EV 96.2 MPH)
Batting: LHB Mike Garland 0-0: Called Strike
0-1: Called Strike
0-2: Ball
Passed Ball!
Jason Swisher to third
1-2: Ball
2-2: Strikes out swinging
Batting: RHB Dave Glenn 0-0: Ball
1-0: Called Strike
1-1: SINGLE (Line Drive, 78S, EV 95.6 MPH)
Jason Swisher scores
Batting: SHB Todd Hewitt 0-0: Called Strike
Dave Glenn steals 2nd base
0-1: Ball
1-1: SINGLE (Groundball, 34D, EV 105.0 MPH)
Dave Glenn to third
Runner from 3rd tries for Home, SAFE, throw by RF to home
Batting: RHB Jonathan Lugo 0-0: Ball
1-0: Fly out, F1 (Line Drive, P, EV 66.2 MPH)
Bottom of the 2nd over - 2 runs, 3 hits, 0 errors, 1 left on base; Montgomery 2 - Midland 2
TOP OF THE 3RD
Montgomery Biscuits batting - Pitching for Midland RockHounds : RHP Ryan DeMille
Batting: LHB Jake Rheaume 0-0: Ball
1-0: Foul Ball, location: 2F
1-1: Foul Ball, location: 2F
1-2: Foul Ball, location: 2F
1-2: Foul Ball, location: 2F
1-2: Ball
2-2: SINGLE (Groundball, 3D, EV 102.5 MPH)
Batting: SHB Brett McEwen 0-0: Ball
1-0: Foul Ball, location: 2F
1-1: Fielders Choice at 2nd, 3-6 (Groundball, 3, EV 84.4 MPH)
Batting: LHB Mario Ocana 0-0: Ball
1-0: Ball
2-0: Ball
3-0: Called Strike
3-1: Foul Ball, location: 2F
3-2: Fielders Choice at 2nd, 4-6 (Groundball, 34, EV 101.9 MPH)
Batting: RHB Tony Garcia 0-0: Ball
1-0: Ball
2-0: Called Strike
2-1: Ball
3-1: Swinging Strike
3-2: Foul Ball, location: 2F
3-2: Strikes out swinging
Top of the 3rd over - 0 runs, 1 hit, 0 errors, 1 left on base; Montgomery 2 - Midland 2
BOTTOM OF THE 3RD
Midland RockHounds batting - Pitching for Montgomery Biscuits : RHP Dave Navarro
Batting: SHB Brace Harper 0-0: Fly out, F5 (Popup, 5S, EV 81.9 MPH)
Batting: RHB Miguel Trevino 0-0: Called Strike
0-1: Ball
1-1: Called Strike
1-2: Ball
2-2: Ball
3-2: Foul Ball, location: 2F
3-2: Strikes out swinging
Batting: LHB Tommy King 0-0: Ball
1-0: Foul Ball, location: 2F
1-1: Ball
2-1: Foul Ball, location: 2F
2-2: Strikes out swinging
Bottom of the 3rd over - 0 runs, 0 hits, 0 errors, 0 left on base; Montgomery 2 - Midland 2
TOP OF THE 4TH
Montgomery Biscuits batting - Pitching for Midland RockHounds : RHP Ryan DeMille
Batting: RHB Paul Landes 0-0: Ball
1-0: Foul Ball, location: 2F
1-1: Foul Ball, location: 2F
1-2: Ball
2-2: Reached on error, E6 (Groundball, 6, EV 98.1 MPH)
Batting: RHB Kevin Benfield 0-0: Ball
1-0: Ball
2-0: Foul Ball, location: 2F
2-1: Called Strike
2-2: Foul Ball, location: 2F
2-2: Foul Ball, location: 2F
2-2: Grounds into double play, 4-6-3 (Groundball, 4M, EV 103.8 MPH)
Batting: RHB Dan Marks 0-0: Called Strike
0-1: Foul Ball, location: 2F
0-2: Fly out, F8 (Line Drive, 8RD, EV 88.8 MPH)
Top of the 4th over - 0 runs, 0 hits, 1 error, 0 left on base; Montgomery 2 - Midland 2
BOTTOM OF THE 4TH
Midland RockHounds batting - Pitching for Montgomery Biscuits : RHP Dave Navarro
Batting: LHB John Shults 0-0: Ball
1-0: DOUBLE (Line Drive, 7LS, EV 113.8 MPH)
Batting: RHB Jason Swisher 0-0: Ball
1-0: Foul Ball, location: 2F
1-1: Swinging Strike
1-2: Ball
2-2: Ball
3-2: DOUBLE (Line Drive, 7LS, EV 103.1 MPH)
John Shults scores
Batting: LHB Mike Garland 0-0: Called Strike
0-1: Called Strike
0-2: Fly out, F7 (Flyball, 7LM, EV 88.8 MPH)
Batting: RHB Dave Glenn 0-0: SINGLE (Line Drive, 6D, EV 95.6 MPH)
Jason Swisher to third
Batting: SHB Todd Hewitt 0-0: Ball
Dave Glenn steals 2nd base
1-0: Fly out, F8 (Flyball, 8LD, EV 105.6 MPH)
Runner from 3rd tags up, OUT at HOME! 8-2
Bottom of the 4th over - 1 run, 3 hits, 0 errors, 1 left on base; Montgomery 2 - Midland 3
TOP OF THE 5TH
Montgomery Biscuits batting - Pitching for Midland RockHounds : RHP Ryan DeMille
Batting: RHB Dusty Camelli 0-0: Ball
1-0: Called Strike
1-1: Foul Ball, location: 2F
1-2: Ball
2-2: Ground out 6-3 (Groundball, 6, EV 100.0 MPH)
Batting: LHB Hyoji Toda 0-0: Ball
1-0: Foul Ball, location: 2F
1-1: Ground out 4-3 (Groundball, 34, EV 104.4 MPH)
Batting: LHB Jake Rheaume 0-0: Called Strike
0-1: Ball
1-1: Ball
2-1: Foul Ball, location: 2F
2-2: Foul Ball, location: 2F
2-2: DOUBLE (Line Drive, 9LS, EV 107.5 MPH)
Batting: SHB Brett McEwen 0-0: Called Strike
0-1: Foul Ball, location: 2F
0-2: Ball
1-2: Ball
2-2: Ball
3-2: Fly out, F4 (Flyball, 34D, EV 89.4 MPH)
Top of the 5th over - 0 runs, 1 hit, 0 errors, 1 left on base; Montgomery 2 - Midland 3
BOTTOM OF THE 5TH
Midland RockHounds batting - Pitching for Montgomery Biscuits : RHP Dave Navarro
Batting: RHB Jonathan Lugo 0-0: Ball
1-0: Foul Ball, location: 2F
1-1: Ball
2-1: Called Strike
2-2: Strikes out swinging
Batting: SHB Brace Harper 0-0: Ball
1-0: Foul Ball, location: 2F
1-1: Ground out 4-3 (Groundball, 4, EV 86.2 MPH)
Batting: RHB Miguel Trevino 0-0: Ball
1-0: Called Strike
1-1: Swinging Strike
1-2: Reached on error, E6 (Groundball, 6, EV 84.4 MPH)
Batting: LHB Tommy King 0-0: Called Strike
Miguel Trevino steals 2nd base
0-1: Called Strike
0-2: Ball
1-2: Ball
2-2: SINGLE (Line Drive, 7LS, EV 100.6 MPH)
Miguel Trevino to third
Runner from 3rd tries for Home, SAFE, throw by LF to home
Batting: LHB John Shults 0-0: Swinging Strike
Tommy King steals 2nd base
0-1: Foul Ball, location: 2F
0-2: SINGLE (Line Drive, 8RS, EV 92.5 MPH)
Tommy King to third
Runner from 3rd tries for Home, SAFE, throw by CF to home
Pitching: RHP Jon Killen
Batting: RHB Jason Swisher 0-0: Ball
1-0: Ball
2-0: Ball
3-0: Base on Balls
John Shults to second
Batting: LHB Mike Garland 0-0: Ball
1-0: Ground out 1-3 (Groundball, 13S, EV 68.1 MPH)
Bottom of the 5th over - 2 runs, 2 hits, 1 error, 2 left on base; Montgomery 2 - Midland 5
TOP OF THE 6TH
Montgomery Biscuits batting - Pitching for Midland RockHounds : RHP Ryan DeMille
Batting: LHB Mario Ocana 0-0: Called Strike
0-1: Ball
1-1: Ball
2-1: Swinging Strike
2-2: Ball
3-2: Strikes out swinging
Pitching: LHP Bobby Dahlgren
Batting: RHB Tony Garcia 0-0: Swinging Strike
0-1: Swinging Strike
0-2: Ball
1-2: Foul Ball, location: 2F
1-2: Strikes out swinging
Batting: RHB Paul Landes 0-0: Ball
1-0: SINGLE (Groundball, 34D, EV 94.4 MPH)
Batting: RHB Kevin Benfield 0-0: Ball
1-0: Called Strike
1-1: Foul Ball, location: 2F
1-2: Foul Ball, location: 2F
1-2: Fly out, F7 (Flyball, 7LM, EV 95.6 MPH)
Top of the 6th over - 0 runs, 1 hit, 0 errors, 1 left on base; Montgomery 2 - Midland 5
BOTTOM OF THE 6TH
Midland RockHounds batting - Pitching for Montgomery Biscuits : RHP Jon Killen
Batting: RHB Dave Glenn 0-0: Ball
1-0: Ball
2-0: Ground out 6-3 (Groundball, 56D, EV 82.5 MPH)
Batting: SHB Todd Hewitt 0-0: Foul Ball, location: 2F
0-1: Foul Ball, location: 2F
0-2: Strikes out looking
Batting: RHB Jonathan Lugo 0-0: Ground out 5-3 (Groundball, 5L, EV 84.4 MPH)
Bottom of the 6th over - 0 runs, 0 hits, 0 errors, 0 left on base; Montgomery 2 - Midland 5
TOP OF THE 7TH
Montgomery Biscuits batting - Pitching for Midland RockHounds : LHP Bobby Dahlgren
Batting: RHB Dan Marks 0-0: SINGLE (Groundball, 6MD, EV 107.5 MPH)
Batting: RHB Dusty Camelli 0-0: Called Strike
0-1: Ball
1-1: Fly out, F8 (Line Drive, 8RM, EV 89.4 MPH)
Pinch Hitting: SHB Ben Pierce 0-0: Called Strike
0-1: Ball
1-1: Foul Ball, location: 2F
1-2: Ball
2-2: Ball
3-2: Foul Ball, location: 2F
3-2: Strikes out swinging
Batting: LHB Jake Rheaume 0-0: Swinging Strike
0-1: Foul Ball, location: 2F
0-2: DOUBLE (Flyball, 78D, EV 86.9 MPH)
Dan Marks to third
Runner from 3rd tries for Home, SAFE, no throw by CF
Batting: SHB Brett McEwen 0-0: Ground out 4-3 (Groundball, 4, EV 91.9 MPH)
Top of the 7th over - 1 run, 2 hits, 0 errors, 1 left on base; Montgomery 3 - Midland 5
BOTTOM OF THE 7TH
Midland RockHounds batting - Pitching for Montgomery Biscuits : RHP Jon Killen
Now in RF: Jimmy Detrie
Batting: SHB Brace Harper 0-0: Foul Ball, location: 2F
0-1: Ball
1-1: Fly out, F8 (Flyball, 8LM, EV 93.1 MPH)
Batting: RHB Miguel Trevino 0-0: Fly out, F8 (Flyball, 78M, EV 88.1 MPH)
Batting: LHB Tommy King 0-0: Ball
1-0: Ground out U3 (Groundball, 34, EV 81.2 MPH)
Bottom of the 7th over - 0 runs, 0 hits, 0 errors, 0 left on base; Montgomery 3 - Midland 5
TOP OF THE 8TH
Montgomery Biscuits batting - Pitching for Midland RockHounds : LHP Bobby Dahlgren
Batting: LHB Mario Ocana 0-0: Called Strike
0-1: Foul Ball, location: 2F
0-2: Strikes out swinging
Batting: RHB Tony Garcia 0-0: Called Strike
0-1: Ball
1-1: Ground out 5-3 (Groundball, 56, EV 101.2 MPH)
Batting: RHB Paul Landes 0-0: Ball
1-0: Ball
2-0: Foul Ball, location: 2F
2-1: Fly out, F9 (Flyball, 9S, EV 73.8 MPH)
Top of the 8th over - 0 runs, 0 hits, 0 errors, 0 left on base; Montgomery 3 - Midland 5
BOTTOM OF THE 8TH
Midland RockHounds batting - Pitching for Montgomery Biscuits : RHP Jon Killen
Batting: LHB John Shults 0-0: Called Strike
0-1: Ball
1-1: Ground out 6-3 (Groundball, 56, EV 85.0 MPH)
Batting: RHB Jason Swisher 0-0: Called Strike
0-1: Ball
1-1: Called Strike
1-2: Foul Ball, location: 2F
1-2: Strikes out looking
Batting: LHB Mike Garland 0-0: Ball
1-0: Ball
2-0: Ball
3-0: Base on Balls
Batting: RHB Dave Glenn 0-0: Ball
1-0: Fielders Choice at 2nd, 6-4 (Groundball, 56, EV 80.0 MPH)
Bottom of the 8th over - 0 runs, 0 hits, 0 errors, 1 left on base; Montgomery 3 - Midland 5
TOP OF THE 9TH
Montgomery Biscuits batting - Pitching for Midland RockHounds : LHP Bobby Dahlgren
Pitching: RHP Andrew Douglas
Now at 3B: Brace Harper
Now at SS: Carlos Ballesteros
Batting: RHB Kevin Benfield 0-0: Foul Ball, location: 2F
0-1: Foul Ball, location: 2F
0-2: Ground out U3 (Groundball, 3, EV 91.9 MPH)
Pinch Hitting: LHB Robin More 0-0: Called Strike
0-1: DOUBLE (Line Drive, 8LXD, EV 103.1 MPH)
Pinch Hitting: RHB Dermott Kennelly 0-0: Ball
1-0: Called Strike
1-1: Foul Ball, location: 2F
1-2: Foul Ball, location: 2F
1-2: Foul Ball, location: 2F
1-2: Fly out, F9 (Flyball, 9S, EV 91.9 MPH)
Batting: LHB Jimmy Detrie 0-0: Called Strike
0-1: Swinging Strike
0-2: Foul Ball, location: 2F
0-2: Strikes out swinging
Top of the 9th over - 0 runs, 1 hit, 0 errors, 1 left on base; Montgomery 3 - Midland 5
Wednesday, June 22nd , 2022 - OOTP Baseball 23.4 Build 64